AoeStats
← blueangle45

Black Forest

507798218Analyzed
3v3 RM · 14d ago on Sep 19, 2026· 71m 22s· 6 players
Game mode
Random Map
Map size
Normal (6 player)
Population
200
Speed
Normal
Resources
Standard
Victory
Conquest
Starting age
Dark Age
Ending age
Imperial Age
RankedLock teamsTeams togetherTeam positionsShared explorationLock speedFull tech treeHidden civsTurbo modeCheats
Victory
Defeat
🇩🇪 Britons · Germany
674
+12
🇪🇸 Teutons · Spain
618
+14
🇮🇳 Goths · India
590
+15
🇭🇷 Romans · Croatia
711
-19
🇹🇷 Khmer · Türkiye
560
-13
🇨🇱 Teutons · Chile
460
-9
Karank
0:30 Loom
11:15 Feudal Age
12:22 Double-Bit Axe
13:48 Wheelbarrow
14:31 Fletching
15:30 Padded Archer Armor
18:41 Horse Collar
19:03 Stone Mining
23:19 Castle Age
23:33 Gold Mining
24:06 Caravan
24:19 Bow Saw
24:11 Heavy Plow
25:04 Bodkin Arrow
26:17 Leather Archer Armor
26:39 Town Watch
27:32 Fervor
27:38 Fervor
27:49 Sanctity
28:33 Hand Cart
31:34 Ballistics
32:06 Murder Holes
35:44 Imperial Age
34:15 Fortified Wall
36:53 Conscription
37:29 Bracer
38:34 Chemistry
39:04 Ring Archer Armor
39:02 Block Printing
41:11 Siege Engineers
42:13 Two-Man Saw
40:51 Pikeman
41:31 Squires
42:17 Forging
42:08 Scale Mail Armor
42:04 Halberdier
43:52 Conscription
46:11 Iron Casting
46:38 Chain Mail Armor
49:09 Devotion
49:44 Theocracy
49:35 Illumination
52:01 Elite Longbowman
52:42 Warwolf
54:58 Blast Furnace
54:29 Plate Mail Armor
56:17 Hoardings
Vanillasainza
4:47 Loom
15:54 Feudal Age
16:34 Double-Bit Axe
19:00 Wheelbarrow
19:53 Horse Collar
22:42 Gold Mining
22:47 Stone Mining
29:14 Castle Age
30:46 Bow Saw
32:21 Caravan
32:34 Heavy Plow
37:01 Imperial Age
37:20 Fletching
38:49 Bloodlines
39:08 Conscription
39:58 Elite Skirmisher
42:01 Bodkin Arrow
42:38 Pikeman
43:18 Squires
46:57 Capped Ram
49:57 Scale Barding Armor
49:53 Scale Mail Armor
53:05 Two-Man Saw
55:09 Elite Teutonic Knight
59:05 Onager
59:25 Cavalier
66:13 Paladin
Incognito3597
10:49 Feudal Age
12:30 Wheelbarrow
11:43 Double-Bit Axe
11:40 Horse Collar
16:25 Gold Mining
21:02 Castle Age
19:32 Fletching
22:22 Bow Saw
22:51 Caravan
23:12 Hand Cart
30:39 Imperial Age
29:10 Man-at-Arms
29:11 Pikeman
29:51 Squires
30:23 Elite Skirmisher
32:06 Town Watch
32:07 Loom
33:30 Chemistry
32:29 Murder Holes
32:59 Ballistics
32:45 Murder Holes
33:01 Masonry
33:49 Stone Mining
35:18 Architecture
35:33 Long Swordsman
35:33 Halberdier
36:37 Two-Handed Swordsman
42:39 Champion
45:40 Perfusion
46:01 Conscription
45:03 Elite Huskarl
51:25 Two-Man Saw
50:30 Heavy Plow
63:04 Bodkin Arrow
63:20 Forging
63:10 Scale Mail Armor
63:16 Scale Barding Armor
63:11 Padded Archer Armor
69:56 Husbandry
70:07 Bloodlines
69:18 Cavalier
69:18 Light Cavalry
69:36 Heavy Scorpion
Lanyco
0:36 Loom
16:51 Feudal Age
17:36 Horse Collar
17:45 Double-Bit Axe
26:08 Castle Age
24:06 Stone Mining
24:14 Gold Mining
27:38 Wheelbarrow
26:49 Town Watch
27:09 Heavy Plow
27:33 Bow Saw
33:21 Imperial Age
31:42 Forging
31:39 Scale Barding Armor
33:06 Gold Shaft Mining
33:50 Fletching
34:19 Masonry
36:38 Iron Casting
36:46 Chain Barding Armor
37:29 Caravan
40:01 Crop Rotation
43:43 Blast Furnace
43:19 Plate Barding Armor
45:13 Bloodlines
45:04 Husbandry
50:19 Hand Cart
50:05 Town Patrol
53:48 Comitatenses
55:17 Elite Centurion
64:21 Squires
63:43 Man-at-Arms
64:52 Scale Mail Armor
64:53 Bodkin Arrow
64:25 Long Swordsman
66:01 Legionary
69:55 Chain Mail Armor
blueangle45
0:29 Loom
14:13 Feudal Age
14:38 Horse Collar
14:46 Double-Bit Axe
17:44 Gold Mining
17:47 Stone Mining
26:37 Castle Age
25:35 Bloodlines
26:02 Forging
25:53 Padded Archer Armor
26:25 Scale Barding Armor
27:30 Bow Saw
27:40 Heavy Plow
27:25 Fishing Lines
28:44 Gillnets
29:41 Caravan
29:26 Pikeman
32:04 Arson
31:56 Crossbowman
33:04 Leather Archer Armor
32:39 Fletching
33:26 Iron Casting
33:12 Chain Barding Armor
35:48 Ballistics
35:24 Murder Holes
35:47 Husbandry
35:48 Bodkin Arrow
35:54 Scale Mail Armor
40:36 Imperial Age
39:09 Tusk Swords
44:06 Chemistry
43:10 Bracer
43:41 Ring Archer Armor
42:40 Elite Ballista Elephant
43:31 Cavalier
49:36 Blast Furnace
58:25 Crop Rotation
59:25 Halberdier
61:51 Elite Skirmisher
66:29 Chain Mail Armor
benjamintorres755
11:58 Feudal Age
17:08 Man-at-Arms
25:24 Forging
24:59 Horse Collar
37:46 Castle Age
36:37 Scale Mail Armor
40:07 Iron Casting
40:59 Double-Bit Axe
56:14 Gold Mining
66:19 Imperial Age
Connection lost

Rejoining the realm…

Still unreachable

The connection could not be restored.

Session expired

The server has moved on; the page needs a fresh start.